 Dungeon Crawl Stone Soup version 0.21-a0-529-g8c7b3f5 (webtiles) character file.

4609 slep the Cleaver (level 10, -5/77 HPs)
             Began as a Demonspawn Gladiator on Dec 12, 2017.
             Was a High Priest of Okawaru.
             Slain by a troll (14 damage)
             ... on level 9 of the Dungeon.
             The game lasted 00:36:58 (7053 turns).

slep the Cleaver (Demonspawn Gladiator)             Turns: 7053, Time: 00:36:59

Health: -5/77      AC:  9    Str: 16    XL:     10   Next: 19%
Magic:  0/10       EV: 16    Int: 10    God:    Okawaru [*****.]
Gold:   424        SH:  0    Dex: 16    Spells: 9/9 levels left

rFire    + . .     SeeInvis .   a - +0 war axe
rCold    + . .     Gourm    .   (no shield)
rNeg     . . .     Faith    .   O - +0 robe (curse)
rPois    .         Spirit   +   (helmet restricted)
rElec    .         Reflect  .   q - +0 cloak
rCorr    .         Harm     .   S - +1 pair of gloves
MR       .....                  (boots unavailable)
Stlth    +++.......             Q - amulet of guardian spirit
HPRegen  0.22/turn              T - ring of protection from cold
MPRegen  0.12/turn              A - ring of protection from fire

@: no status effects
A: horns 1, talons 3, molten scales 1, powered by death 2, shaggy fur 2,
MP-powered wands
a: Heroism, Finesse, Renounce Religion


You were on level 9 of the Dungeon.
You worshipped Okawaru.
Okawaru was extremely pleased with you.
You were not hungry.

You visited 2 branches of the dungeon, and saw 10 of its levels.
You also visited: Sewer.

You collected 506 gold pieces.
You spent 82 gold pieces at shops.

Inventory:

Hand Weapons
 a - a +0 war axe (weapon)
 y - a +0 blowgun
 B - a cursed -3 flail
 L - a +0 halberd of chopping
 X - the +7 rapier of Cheibriados's Esteem {pain, rPois rF+}
   (You found it on level 7 of the Dungeon)

   In the hands of one skilled in necromantic magic, it inflicts extra damage on
   living creatures.
   It protects you from fire.
   It protects you from poison.
Missiles
 d - a throwing net
 e - 40 poisoned needles
 x - 4 tomahawks (quivered)
 I - 3 javelins
Armour
 q - a +0 cloak (worn)
 v - a +1 robe of magic resistance
 O - a cursed +0 robe (worn)
 S - a +1 pair of gloves (worn)
Jewellery
 r - a +2 ring of dexterity
 A - a ring of protection from fire (right hand)
 G - a +3 amulet of reflection
 N - a +3 ring of evasion
 Q - an amulet of guardian spirit (around neck)
 T - a ring of protection from cold (left hand)
Wands
 s - a wand of random effects (20)
 F - a wand of paralysis (3)
 J - a wand of iceblast (10)
 V - a wand of acid (9)
Scrolls
 g - 5 scrolls of remove curse {unknown}
 j - 6 scrolls of fog {unknown}
 m - 3 scrolls of fear {unknown}
 n - 16 scrolls of identify {unknown}
 o - 2 scrolls of random uselessness {unknown}
 p - 2 scrolls of magic mapping {unknown}
 t - 2 scrolls of teleportation {unknown}
 D - 2 scrolls of enchant weapon {unknown}
 E - 3 scrolls of blinking
 H - a scroll of enchant armour {unknown}
 M - 3 scrolls of immolation {unknown}
 W - a scroll of summoning {unknown}
Potions
 h - a potion of agility
 i - a potion of haste
 w - 5 potions of flight
 z - a potion of magic {unknown}
 K - a potion of heal wounds
 P - a potion of curing
 R - a potion of lignification
 U - 2 potions of ambrosia
Comestibles
 f - 5 bread rations
 l - 3 meat rations
 u - 2 royal jellies
 C - 2 fruits
 Y - 5 chunks of flesh


   Skills:
 + Level 6.3 Fighting
 + Level 10.4 Axes
 + Level 2.3 Throwing
 + Level 1.6 Armour
 + Level 6.0 Dodging
 + Level 4.7 Stealth
 + Level 0.3 Evocations


You had 9 spell levels left.
You didn't know any spells.

Dungeon Overview and Level Annotations

Branches:
Dungeon (8/15)             Temple (1/1) D:4            Lair (0/6) D:8

Altars:
Ashenzari
Cheibriados
Dithmenos
Gozag
Hepliaklqana
Kikubaaqudgha
Okawaru
Qazlal
Trog
Uskayaw
Vehumet
Wu Jian
Yredelemnul
Zin
The Shining One
Lugonu

Shops:
D:7 ?

Annotations:
D:8 Psyche
D:9 Prince Ribbit


Innate Abilities, Weirdness & Mutations

You have claws for feet.
You are partially covered in molten scales. (AC +2)
You regenerate health from kills.
You have a pair of small horns on your head.
You are covered in thick fur. (AC +2)
You expend magic power (3 MP) to strengthen your wands.


Message History

You hit the troll but do no damage. Your kick misses the troll.
The troll is almost dead.
The troll bites you!
* * * LOW HITPOINT WARNING * * *
The troll closely misses you. The troll misses you.
You barely miss the troll. Your kick misses the troll.
The troll is almost dead.
The troll bites you but does no damage. The troll claws you!
* * * LOW HITPOINT WARNING * * *
The troll claws you.
* * * LOW HITPOINT WARNING * * *
The crimson imp blinks!
You slash the troll! You claw the troll, but do no damage.
The troll is almost dead.
The troll barely misses you. The troll closely misses you.
The troll barely misses you.
You barely miss the troll.
The troll is almost dead.
You closely miss the crimson imp. The troll bites you!
You die...

#.......#..
#.......>..
#......##..
##.##..###.
#.........
##.##..###
#.a§# F#
##T#...##
#@........
##5#.$.###
......#
.##...# #.
##.# #. .#
#. #


You could see Prince Ribbit (wandering), a troll, a worker ant and a crimson
imp.

Vanquished Creatures
  A two-headed ogre (D:8)
  The ghost of WimpyRanger the Destroyer, a novice OpFE of Gozag (D:6)
  The ghost of Harvester the Stinger, a novice OpVM of Dithmenos (D:5)
  A hippogriff (D:6)
  Grinder (D:6)
  Sigmund (D:5)
  A wyvern (D:7)
  Duvessa (D:5)
  An ice beast (D:7)
  2 sky beasts
  5 ogres
  A centaur (D:7)
  2 big kobolds
  4 bullfrogs
  Dowan (D:5)
  A scorpion (D:7)
  3 crimson imps
  5 howler monkeys
  2 jellies
  2 centaur skeletons
  3 hounds
  A gnoll shaman (D:7)
  3 orc priests
  2 bullfrog skeletons
  Jessica (D:2)
  Ijyb (D:4)
  A worker ant (D:5)
  4 orc wizards
  A statue (D:5)
  2 hound zombies
  A howler monkey zombie (D:6)
  7 gnolls
  7 adders
  A river rat (Sewer)
  4 shadow imps
  An ooze (D:2)
  An adder zombie (D:5)
  An adder skeleton (D:4)
  5 worms
  A dart slug (D:1)
  5 leopard geckos
  24 orcs
  3 ball pythons
  6 giant cockroaches
  6 goblins
  3 hobgoblins
  4 jackals
  4 quokkas
  5 bats
  4 frilled lizards
  17 kobolds
  A leopard gecko skeleton (D:5)
  A leopard gecko zombie (D:7)
  A quokka zombie (D:5)
  5 rats
174 creatures vanquished.

Notes
Turn   | Place    | Note
-------+----------+-------------------------------------------
     0 | D:1      | slep the Demonspawn Gladiator began the quest for the Orb.
     0 | D:1      | Reached XP level 1. HP: 16/16 MP: 1/1
   203 | D:1      | Gained mutation: You have sharp toenails. [demonic ancestry]
   203 | D:1      | Reached XP level 2. HP: 4/22 MP: 2/2
   519 | D:2      | Noticed a crimson imp
   546 | D:2      | Killed a crimson imp
   546 | D:2      | Reached skill level 3 in Axes
   546 | D:2      | Reached XP level 3. HP: 18/28 MP: 3/3
   630 | D:2      | Noticed a dagger
   630 | D:2      | Noticed a hand axe
   631 | D:2      | Found a hide-covered altar of Uskayaw.
   770 | D:2      | Reached skill level 1 in Armour
   770 | D:2      | Gained mutation: You have razor-sharp toenails. [demonic ancestry]
   770 | D:2      | Reached XP level 4. HP: 29/34 MP: 4/4
   906 | D:2      | Found an ornate altar of the Wu Jian Council.
  1114 | D:2      | Noticed Jessica
  1122 | D:2      | Killed Jessica
  1122 | D:2      | Reached skill level 4 in Axes
  1122 | D:2      | Gained mutation: You are partially covered in molten scales. (AC +2) [demonic ancestry]
  1122 | D:2      | Reached XP level 5. HP: 15/39 MP: 5/5
  1206 | D:3      | Found a glowing drain.
  1331 | Sewer    | Entered a sewer
  1413 | Sewer    | Reached skill level 1 in Stealth
  1416 | Sewer    | Gained mutation: You are covered in fur. (AC +1) [potion of mutation]
  1416 | Sewer    | Gained mutation: You have claws for feet. [potion of mutation]
  1416 | Sewer    | Gained mutation: You are covered in thick fur. (AC +2) [potion of mutation]
  1498 | Sewer    | Found a glowing silver altar of Zin.
  1711 | D:3      | Mutation became permanent: You have razor-sharp toenails. [demonic ancestry]
  1711 | D:3      | Gained mutation: You have claws for feet. [demonic ancestry]
  1711 | D:3      | Reached XP level 6. HP: 16/46 MP: 6/6
  2004 | D:3      | Reached skill level 5 in Axes
  2660 | D:4      | Found a staircase to the Ecumenical Temple.
  2669 | Temple   | Entered the Ecumenical Temple
  2682 | Temple   | Became a worshipper of Warmaster Okawaru
  2749 | D:4      | Noticed Ijyb
  2767 | D:4      | Killed Ijyb
  2901 | D:4      | Reached XP level 7. HP: 51/52 MP: 7/7
  2956 | D:4      | Found a stormy altar of Qazlal.
  3194 | D:4      | Reached skill level 6 in Axes
  3221 | D:4      | Reached * piety under Okawaru
  3366 | D:4      | Found an opulent altar of Gozag.
  3367 | D:4      | Found a shattered altar of Ashenzari.
  3564 | D:5      | Entered Level 5 of the Dungeon
  3687 | D:5      | Noticed Harvester's ghost (novice OpVM)
  3713 | D:5      | Killed Harvester's ghost
  3713 | D:5      | Gained mutation: You regenerate a little health from kills. [demonic ancestry]
  3713 | D:5      | Reached XP level 8. HP: 60/60 MP: 8/8
  3735 | D:5      | Noticed Duvessa
  3760 | D:5      | Killed Duvessa
  3760 | D:5      | Reached skill level 7 in Axes
  3786 | D:5      | Noticed Dowan
  3793 | D:5      | Found a shadowy altar of Dithmenos.
  3816 | D:5      | Killed Dowan
  3963 | D:5      | Found a radiant altar of Vehumet.
  4021 | D:5      | Noticed Sigmund
  4025 | D:5      | Killed Sigmund
  4025 | D:5      | Reached ** piety under Okawaru
  4188 | D:5      | You fall through a shaft!
  4188 | D:6      | Found a hide-covered altar of Uskayaw.
  4200 | D:6      | Noticed WimpyRanger's ghost (novice OpFE)
  4221 | D:6      | Killed WimpyRanger's ghost
  4221 | D:6      | Reached skill level 5 in Fighting
  4221 | D:6      | Reached skill level 8 in Axes
  4221 | D:6      | Reached XP level 9. HP: 15/68 MP: 9/9
  4227 | D:6      | Reached *** piety under Okawaru
  4669 | D:6      | Found an iron altar of Okawaru.
  4750 | D:6      | Reached skill level 5 in Dodging
  4816 | D:6      | Reached skill level 9 in Axes
  4843 | D:6      | Noticed Grinder
  4926 | D:6      | Found a basalt altar of Yredelemnul.
  5126 | D:6      | Killed Grinder
  5138 | D:7      | Found Pampi's Magic Scroll Emporium.
  5143 | D:7      | Bought a scroll of blinking for 82 gold pieces
  5712 | D:7      | Reached **** piety under Okawaru
  5767 | D:7      | Found a glowing golden altar of the Shining One.
  5780 | D:7      | Reached skill level 10 in Axes
  5815 | D:7      | Found a bloodstained altar of Trog.
  6403 | D:7      | Got a shimmering rapier
  6404 | D:7      | Identified the +7 rapier of Cheibriados's Esteem {pain, rPois rF+} (You found it on level 7 of the Dungeon)
  6556 | D:8      | Found a staircase to the Lair.
  6563 | D:8      | Noticed a troll
  6568 | D:8      | Noticed Psyche
  6782 | D:8      | Found a snail-covered altar of Cheibriados.
  6832 | D:8      | Noticed a two-headed ogre
  6845 | D:8      | Killed a two-headed ogre
  6845 | D:8      | Reached ***** piety under Okawaru
  6845 | D:8      | Gained mutation: You regenerate health from kills. [demonic ancestry]
  6845 | D:8      | Reached XP level 10. HP: 47/76 MP: 5/10
  6974 | D:8      | Gained mutation: You have a pair of small horns on your head. [mutagenic meat]
  6977 | D:8      | Gained mutation: You expend magic power (3 MP) to strengthen your wands. [mutagenic meat]
  7025 | D:8      | You fall through a shaft!
  7032 | D:9      | Noticed Prince Ribbit
  7053 | D:9      | Slain by a troll

Vault maps used:
D:1:      roderic_crossed_star, nrook_uturn
D:2:      dancing_weapons_uskayaw, marbit_many_paths, uniq_jessica
D:3:      cheibrodos_sewer_entry_drain, columned_hall_lemuel
D:4:      wad_crossroads, gammafunk_temple_overflow_statue,
          kennysheep_little_box, temple_statues, first_bread, uniq_ijyb
D:5:      vehumet_statue, nicolae_dithmenos_shadow_blocks, uniq_sigmund,
          uniq_duvessa
D:6:      nicolae_overflow_crystal_walls, serial_corexii_hall,
          corexii_hall_statues_s, corexii_hall_statues_s, basic_altar,
          okawaru_metal_pillars_1_2, uniq_grinder
D:7:      tgw_xom, lemuel_round_altar, lemuel_coloured_pillars_altar,
          serial_shops, shop
D:8:      kennysheep_steamy, nicolae_overflow_hidden_temple, slow_altar_1,
          tgw_sif, minmay_lair_entry_lava, unseen_surprise_small, uniq_psyche
D:9:      overflow_temple_1_default, kennysheep_mini_moat, blue_anna_alchemist,
          nicolae_looking_at_the_future, uniq_prince_ribbit1
Temple:   corrupted_temple
Sewer:    sewer_kobolds

Skill      XL: |  1  2  3  4  5  6  7  8  9 10 |
---------------+-------------------------------+-----
Dodging        | 3 4 5 6 |  6.0
Axes           | 3 4 5 6 8 10 | 10.4
Throwing       | 2 |  2.3
Armour         | 1 |  1.6
Stealth        | 1 3 4 |  4.7
Fighting       | 3 4 5 6 |  6.3
Evocations     | |  0.3

Action                   |  1- 3 |  4- 6 |  7- 9 | 10-12 || total
-------------------------+-------+-------+-------+-------++-------
Melee: War axe           |    64 |   175 |   293 |    35 ||   567
       Kick              |     7 |    44 |    85 |    11 ||   147
       Headbutt          |       |       |       |     2 ||     2
Throw: Javelin           |       |       |     2 |       ||     2
       Throwing net      |       |       |     2 |       ||     2
       Tomahawk          |       |       |     5 |       ||     5
Evoke: Wand              |       |       |     2 |       ||     2
  Use: Potion            |       |     4 |     7 |       ||    11
 Stab: Sleeping          |     2 |     4 |     7 |     1 ||    14
       Held in net/web   |       |       |     2 |       ||     2
  Eat: Chunk             |       |     7 |    11 |     6 ||    24
Armor: Leather armour    |    16 |     7 |       |       ||    23
       Robe              |       |    46 |    73 |    10 ||   129
       Skin              |       |       |    19 |       ||    19
Dodge: Dodged            |    47 |   131 |   195 |    44 ||   417
Block: Other             |       |       |    16 |       ||    16

Table legend:
 A = Spawn XP
 B = Non-spawn XP
 C = Spawn XP percentage of total XP
 D = Spawn monster count
 E = Non-spawn monster count
 F = Spawn count percentage of total count
 G = Total turns spent on level
                    A         B        C        D         E        F      G
               +---------+---------+-------+---------+---------+-------+---------
         Total |       0 |    6585 |   0.0 |       0 |     174 |   0.0 |  7053
               +---------+---------+-------+---------+---------+-------+---------
           D:1 |       0 |      20 |   0.0 |       0 |       9 |   0.0 |   516
           D:2 |       0 |     196 |   0.0 |       0 |      28 |   0.0 |   666
           D:3 |       0 |     169 |   0.0 |       0 |      25 |   0.0 |  1101
           D:4 |       0 |     683 |   0.0 |       0 |      28 |   0.0 |  1039
           D:5 |       0 |    1307 |   0.0 |       0 |      29 |   0.0 |  1045
           D:6 |       0 |    1583 |   0.0 |       0 |      11 |   0.0 |   529
           D:7 |       0 |    1326 |   0.0 |       0 |      23 |   0.0 |  1593
           D:8 |       0 |    1161 |   0.0 |       0 |       9 |   0.0 |   294
           D:9 |       0 |      13 |   0.0 |       0 |       1 |   0.0 |    28
         Sewer |       0 |     127 |   0.0 |       0 |      11 |   0.0 |   214
               +---------+---------+-------+---------+---------+-------+---------
